[Event "Titled Tuesday Blitz March 21 Early 2023"]
[White "Rodriguez Santiago, Jaime"]
[Black "Lehtosaari, Mauri"]
[WhiteFideId "3100898"]
[BlackFideId "501999"]
[WhiteElo "2025"]
[BlackElo "2518"]
[Result "0-1"]
[Round "02"]
[TimeControl "180+2"]
[Date "2023.03.21"]
[WhiteClock "0:00:46"]
[BlackClock "0:00:59"]

1. c4 c6 2. d4 d5 3. cxd5 cxd5 4. Bf4 Nf6 5. e3 Nc6 6. Nc3 a6 7. Be2 Bf5 8. g4 Bg6 9. h4 h6 10. Bf3 e6 11. Nge2 Bd6 12. Kf1 Rc8 13. Rc1 b5 14. a4 b4 15. Nb1 Be4 16. Nd2 Bxf3 17. Nxf3 Ne4 18. Bxd6 Qxd6 19. Kg2 O-O 20. Nf4 a5 21. g5 Kh8 22. Nd3 f6 23. Nf4 Kh7 24. g6+ Kg8 25. Rg1 Ne7 26. Qd3 Nf5 27. Kh1 Nxf2+ 0-1


[Site "https://www.chess.com"]

[Event "Titled Tuesday Blitz March 21 Early 2023"]
[White "koncheto"]
[Black "Fajdetic, Hrvoje"]
[BlackFideId "14501945"]
[WhiteElo "2518"]
[BlackElo "2185"]
[Result "1-0"]
[Round "02"]
[TimeControl "180+2"]
[Date "2023.03.21"]
[WhiteClock "0:00:03"]
[BlackClock "0:00:01"]

1. e4 c5 2. Nf3 a6 3. d4 cxd4 4. Nxd4 Nf6 5. f3 e5 6. Nb3 d5 7. Bg5 dxe4 8. Qxd8+ Kxd8 9. Nc3 Bb4 10. O-O-O+ Ke8 11. Bxf6 gxf6 12. Nd5 Nc6 13. Nc7+ Ke7 14. Nxa8 Bf5 15. Nc7 exf3 16. gxf3 Bd6 17. Nd5+ Ke6 18. Bd3 Bg6 19. Rhe1 Rc8 20. Bc4 b5 21. Nb6+ bxc4 22. Nxc8 Bb4 23. Nd2 c3 24. bxc3 Bxc3 25. Ne4 Bxe1 26. Rxe1 Nd4 27. Nc5+ Kd5 28. Nb3 Nxc2 29. Re2 Nb4 30. Ne7+ Ke6 31. Nxg6 hxg6 32. a3 Nd3+ 33. Kd2 Nf4 34. Nc5+ Kd5 35. Nxa6 Nxe2 36. Kxe2 f5 37. Nb4+ Kc4 38. Nc2 f4 39. Kd2 f5 40. h4 e4 41. Ke2 Kb3 42. Kd2 1-0


[Site "https://www.chess.com"]

[Event "Titled Tuesday Blitz March 21 Early 2023"]
[White "Thiel, Thomas"]
[Black "Kuzmin, Roman"]
[WhiteFideId "4615964"]
[BlackFideId "44134932"]
[WhiteElo "2250"]
[BlackElo "2146"]
[Result "0-1"]
[Round "02"]
[TimeControl "180+2"]
[Date "2023.03.21"]
[WhiteClock "0:00:02"]
[BlackClock "0:00:02"]

1. e4 c5 2. Nc3 d6 3. f4 g6 4. Nf3 Bg7 5. Bc4 Nc6 6. O-O e6 7. f5 gxf5 8. d3 d5 9. exd5 Nd4 10. dxe6 fxe6 11. Bf4 Ne7 12. Nxd4 Bxd4+ 13. Kh1 Ng6 14. Qh5 Bxc3 15. bxc3 Qh4 16. Qxh4 Nxh4 17. Bd6 b6 18. Rae1 Kf7 19. Bg3 Ng6 20. Rxf5+ Ke7 21. Rf2 Rf8 22. Rfe2 Rf6 23. h4 h5 24. Bf2 Nf4 25. Rd2 Bb7 26. Be3 Nxg2 27. Rxg2 Rf3 28. Bg5+ Kd7 29. Kg1 Re8 30. Rf2 Rg3+ 31. Kh2 Rg4 32. Rf7+ Kc6 33. Rxe6+ Rxe6 34. Bxe6 Ra4 35. c4 Ra3 36. Bd5+ Kd6 37. Rxb7 Ke5 38. Kg3 Kd4 39. Kf2 Rxa2 40. Kf3 Rxc2 41. Be4 Kc3 42. Rxa7 Kb4 43. Rb7 Ka5 44. Bd8 Kb4 0-1


[Site "https://www.chess.com"]

[Event "Titled Tuesday Blitz March 21 Early 2023"]
[White "victormago"]
[Black "Reprintsev, Alexander"]
[BlackFideId "14100541"]
[WhiteElo "2247"]
[BlackElo "2229"]
[Result "0-1"]
[Round "02"]
[TimeControl "180+2"]
[Date "2023.03.21"]
[WhiteClock "0:00:13"]
[BlackClock "0:01:15"]

1. d4 d5 2. c4 e5 3. dxe5 d4 4. Nf3 Nc6 5. a3 g6 6. g3 Bg7 7. Bg2 Nxe5 8. O-O Ne7 9. b3 Nxf3+ 10. Bxf3 Bh3 11. Re1 c6 12. Bb2 O-O 13. Nd2 a5 14. Bg2 Bxg2 15. Kxg2 c5 16. Nf3 Qc7 17. Qc2 Rfe8 18. e3 Nf5 19. exd4 cxd4 20. Rxe8+ Rxe8 21. Re1 Rxe1 22. Nxe1 Qc6+ 23. Kg1 b5 24. Qd3 bxc4 25. bxc4 Qb7 26. Qc2 a4 27. Nd3 Qf3 28. Ne1 Qb3 29. Qxb3 axb3 30. Nd3 Kf8 31. Kf1 Nd6 32. c5 Nc4 33. Ke2 Ke7 34. Bc1 Kd7 35. Kf3 Kc6 36. Ke2 Bf8 37. Nb4+ Kxc5 38. Nd3+ Kb5 39. Kf3 f5 40. Kf4 Bh6+ 0-1


[Site "https://www.chess.com"]

[Event "Titled Tuesday Blitz March 21 Early 2023"]
[White "Bommini, Mounika Akshaya"]
[Black "Sonnenschein, Philipp"]
[WhiteFideId "25019872"]
[BlackFideId "16250877"]
[WhiteElo "2088"]
[BlackElo "2224"]
[Result "0-1"]
[Round "02"]
[TimeControl "180+2"]
[Date "2023.03.21"]
[WhiteClock "0:01:30"]
[BlackClock "0:01:25"]

1. d4 Nf6 2. Bf4 g6 3. Nc3 Bg7 4. e4 d5 5. e5 Ne4 6. Nxe4 dxe4 7. Ne2 c5 8. dxc5 Qa5+ 9. Nc3 Nc6 10. Qd5 Bf5 11. O-O-O O-O 12. h3 Rad8 13. Qb3 Rxd1+ 14. Nxd1 Qxc5 15. Nc3 Qxf2 16. Ne2 Qe1# 0-1


[Site "https://www.chess.com"]

[Event "Titled Tuesday Blitz March 21 Early 2023"]
[White "Luo, Terry"]
[Black "Blokhin, Sofia"]
[WhiteFideId "30931045"]
[BlackFideId "4508190"]
[WhiteElo "2265"]
[BlackElo "1994"]
[Result "1-0"]
[Round "02"]
[TimeControl "180+2"]
[Date "2023.03.21"]
[WhiteClock "0:01:47"]
[BlackClock "0:00:02"]

1. d4 g6 2. c4 Bg7 3. e4 d6 4. Nc3 Nf6 5. Nf3 O-O 6. Be2 Nc6 7. d5 Ne5 8. Nxe5 dxe5 9. O-O e6 10. Be3 exd5 11. cxd5 a6 12. f3 Bd7 13. a4 c6 14. dxc6 Bxc6 15. Qb3 Qe7 16. Rfd1 Rfd8 17. Bb6 Rd7 18. Rxd7 Nxd7 19. Be3 Rd8 20. Rd1 Nf6 21. Rxd8+ Qxd8 22. Qb6 Qxb6 23. Bxb6 Nd7 24. Be3 Bf8 25. Bf1 Bb4 26. Kf2 Bxc3 27. bxc3 Kf8 28. a5 Ke7 29. Bc4 f6 30. Ke2 Kd6 31. Kd3 Nc5+ 32. Kc2 Ba4+ 33. Kb2 Bd1 34. Bd5 Na4+ 35. Kc1 Nxc3 36. Bxb7 Ba4 37. Bxa6 Bb5 38. Bxb5 Nxb5 39. Kc2 Kc6 40. Kb3 Kb7 41. Kc4 Ka6 42. Bb6 Nd6+ 43. Kd5 Nb5 44. Ke6 Nd4+ 45. Kxf6 Ne2 46. Kxe5 Nc1 47. Kf6 Nd3 48. e5 Ne1 49. e6 Nxg2 50. e7 g5 51. e8=Q g4 52. fxg4 h5 53. Qe2+ Kb7 54. Qxg2+ Ka6 55. g5 1-0


[Site "https://www.chess.com"]

[Event "Titled Tuesday Blitz March 21 Early 2023"]
[White "ritanovikova"]
[Black "Mortazavi, Ali"]
[BlackFideId "401323"]
[WhiteElo "2215"]
[BlackElo "2339"]
[Result "0-1"]
[Round "02"]
[TimeControl "180+2"]
[Date "2023.03.21"]
[WhiteClock "0:00:01"]
[BlackClock "0:00:09"]

1. e4 c6 2. d4 d5 3. exd5 cxd5 4. Bd3 Nc6 5. c3 Qc7 6. Ne2 Bg4 7. f3 Bd7 8. Bf4 e5 9. dxe5 Nxe5 10. O-O Bd6 11. Bc2 Ne7 12. Na3 O-O 13. Kh1 Rad8 14. Nd4 a6 15. Re1 Rfe8 16. Bg3 b5 17. Qe2 N7g6 18. Bxg6 hxg6 19. Qd2 Re7 20. Re2 Rde8 21. Rae1 f6 22. Qc2 Kf7 23. Nb1 Rh8 24. Kg1 Ree8 25. Nd2 Nc4 26. Nxc4 Bxg3 27. hxg3 dxc4 28. Rxe8 Bxe8 29. Kf2 Rh5 30. f4 Rd5 31. Qe2 Qd7 32. Qe4 Kf8 33. g4 Bf7 34. f5 g5 35. Qe3 Kg8 36. Rh1 Re5 37. Qh3 Kf8 38. Qh8+ Bg8 39. Ne6+ Rxe6 40. fxe6 Qxe6 41. Qh3 Qe4 42. Re1 Qc2+ 43. Re2 Qc1 44. Qe3 Bf7 0-1


[Site "https://www.chess.com"]

[Event "Titled Tuesday Blitz March 21 Early 2023"]
[White "Ciuffoletti, Paolo"]
[Black "Horak, Martin"]
[WhiteFideId "807630"]
[BlackFideId "367095"]
[WhiteElo "2143"]
[BlackElo "2091"]
[Result "0-1"]
[Round "02"]
[TimeControl "180+2"]
[Date "2023.03.21"]
[WhiteClock "0:00:01"]
[BlackClock "0:00:45"]

1. e4 c5 2. d4 cxd4 3. c3 dxc3 4. Nxc3 Nc6 5. Nf3 d6 6. Bc4 a6 7. O-O Nf6 8. h3 e6 9. Qe2 Be7 10. Rd1 Qc7 11. Bf4 Ne5 12. Bb3 O-O 13. Rac1 Qb8 14. Nd4 Bd7 15. Bg3 b5 16. f4 Nc6 17. Nxc6 Bxc6 18. e5 Nd7 19. exd6 Bxd6 20. Ne4 Bxe4 21. Qxe4 Nc5 22. Qd4 Nxb3 23. axb3 Rd8 24. Kh2 Be7 25. Qe4 Bf6 26. Rxd8+ Qxd8 27. Rc6 Bxb2 28. f5 exf5 29. Qxf5 g6 30. Qe4 Bg7 0-1


[Site "https://www.chess.com"]

[Event "Titled Tuesday Blitz March 21 Early 2023"]
[White "Miszler, Levente"]
[Black "Fernandez Hernandez, Gerardo"]
[WhiteFideId "763276"]
[BlackFideId "2207400"]
[WhiteElo "2176"]
[BlackElo "2202"]
[Result "1/2-1/2"]
[Round "02"]
[TimeControl "180+2"]
[Date "2023.03.21"]
[WhiteClock "0:01:12"]
[BlackClock "0:00:52"]

1. c4 e5 2. Nc3 Nc6 3. g3 f5 4. Bg2 Nf6 5. d3 Bb4 6. Bd2 d6 7. a3 Bxc3 8. Bxc3 O-O 9. e3 Qe8 10. Ne2 Qh5 11. d4 e4 12. Nf4 Qf7 13. h4 d5 14. c5 Be6 15. b4 Ne7 16. Qb3 Ng6 17. O-O-O Nxf4 18. gxf4 Ng4 19. Qc2 c6 20. Rdg1 b6 21. Bh3 h5 22. Bd2 Nxf2 23. Rh2 Ng4 24. Rhg2 Qd7 25. Bxg4 fxg4 26. Rf2 Bf5 27. Kb2 Rfb8 28. Rc1 b5 29. Rg1 a6 30. Rh2 Ra7 31. Bc3 Rba8 32. Qd2 g6 33. Rg3 Qc7 34. Rg1 Qe7 35. Rg3 Kh7 36. Rg1 Qd8 37. Rg3 Qe7 38. Rg1 Qd8 39. Rg3 Qe7 1/2-1/2


[Site "https://www.chess.com"]

[Event "Titled Tuesday Blitz March 21 Early 2023"]
[White "Sabar, Ethmane Daouda"]
[Black "Rom, Jasper"]
[WhiteFideId "19600097"]
[BlackFideId "2023733"]
[WhiteElo "1950"]
[BlackElo "2233"]
[Result "0-1"]
[Round "02"]
[TimeControl "180+2"]
[Date "2023.03.21"]
[WhiteClock "0:00:05"]
[BlackClock "0:00:47"]

1. b3 e5 2. Bb2 f6 3. e3 d5 4. d4 e4 5. c4 c6 6. Ne2 Be6 7. Nf4 Bf7 8. h4 Bd6 9. Be2 Ne7 10. Nc3 a6 11. c5 Bc7 12. b4 Nd7 13. a4 O-O 14. h5 Nf5 15. g3 Re8 16. Bg4 Nh6 17. Bh3 Nf8 18. Qe2 Ne6 19. Kd2 Ng5 20. Bg2 Qd7 21. Rh4 Nf5 22. Rhh1 h6 23. b5 Ba5 24. Kc2 Ne6 25. Na2 axb5 26. axb5 cxb5 27. Bc3 Nc7 28. Bxa5 Rxa5 29. Nb4 Ra4 30. g4 Rxb4 31. gxf5 Rc4+ 32. Kb3 b4 33. Bh3 Qb5 34. Rhc1 Na6 35. Bf1 b6 36. Qd2 bxc5 37. Bxc4 dxc4+ 38. Kc2 b3+ 39. Kd1 b2 40. Rcb1 bxa1=Q 41. Rxa1 Qb3+ 42. Ke1 c3 43. Qe2 Nb4 44. dxc5 Nc2+ 0-1


[Site "https://www.chess.com"]

[Event "Titled Tuesday Blitz March 21 Early 2023"]
[White "Ratsma, Midas"]
[Black "Fabris, Alberto"]
[WhiteFideId "1032283"]
[BlackFideId "801348"]
[WhiteElo "2172"]
[BlackElo "2194"]
[Result "0-1"]
[Round "02"]
[TimeControl "180+2"]
[Date "2023.03.21"]
[WhiteClock "0:00:02"]
[BlackClock "0:00:07"]

1. e4 c5 2. c3 d5 3. exd5 Qxd5 4. d4 Nc6 5. Nf3 Bg4 6. Be2 cxd4 7. cxd4 e6 8. Nc3 Qa5 9. h3 Bh5 10. d5 exd5 11. Qxd5 Qxd5 12. Nxd5 O-O-O 13. Nf4 Bb4+ 14. Kf1 Bg6 15. Nxg6 hxg6 16. Bf4 Bd6 17. Be3 Nge7 18. Ng5 Rhf8 19. g3 Nf5 20. Bg4 Kb8 21. Bxf5 gxf5 22. Rd1 Be5 23. Rxd8+ Nxd8 24. b3 f6 25. Nf3 Nc6 26. Nxe5 fxe5 27. Ke2 Rd8 28. Rc1 g6 29. Rc5 Kc7 30. f4 b6 31. Rc1 e4 32. g4 Kb7 33. g5 Rh8 34. Rh1 Nb4 35. a3 Nc2 36. a4 Nxe3 37. Kxe3 Kc6 38. h4 Kd6 39. Kd4 Rh7 40. b4 Rh8 41. b5 Rh7 42. Rc1 Rxh4 43. Rc6+ Kd7 44. Rxg6 Rxf4 45. Rg7+ Kd6 46. Rxa7 Rg4 47. Rg7 Rg3 48. Rg8 e3 49. g6 f4 50. g7 Ke7 51. a5 e2 52. Rc8 e1=Q 53. g8=Q Rxg8 54. Rxg8 Qb4+ 55. Ke5 Qxb5+ 56. Kxf4 Qxa5 0-1


[Site "https://www.chess.com"]

[Event "Titled Tuesday Blitz March 21 Early 2023"]
[White "Sanchez Alvares, Kelvin Antonio"]
[Black "Kuchava, Ana"]
[WhiteFideId "3906680"]
[BlackFideId "13605348"]
[WhiteElo "2217"]
[BlackElo "2001"]
[Result "1-0"]
[Round "02"]
[TimeControl "180+2"]
[Date "2023.03.21"]
[WhiteClock "0:02:00"]
[BlackClock "0:00:05"]

1. e4 c5 2. Nf3 d6 3. d4 cxd4 4. Nxd4 Nf6 5. Nc3 Nc6 6. Bg5 e6 7. f4 Be7 8. Qd3 a6 9. O-O-O O-O 10. h4 Bd7 11. Nf3 Ng4 12. Bxe7 Qxe7 13. Qxd6 Qxd6 14. Rxd6 Rfd8 15. Be2 h5 16. Rhd1 Be8 17. Rxd8 Rxd8 18. Rxd8 Nxd8 19. Kd2 b5 20. a3 Bc6 21. Nd4 Bb7 22. Bxg4 hxg4 23. g3 Kf8 24. Ke3 Ke7 25. Nd1 Nc6 26. Nf2 Nxd4 27. Kxd4 f5 28. e5 Kd7 29. Kc5 Kc7 30. Nd1 Be4 31. Ne3 Bf3 32. c4 bxc4 33. Nxc4 Bd5 34. Ne3 Be4 35. b4 Bd3 36. a4 Be2 37. b5 axb5 38. axb5 Bf3 39. b6+ Kd7 40. Nc4 Bd5 41. Nd6 Bf3 42. Kb5 1-0


[Site "https://www.chess.com"]

[Event "Titled Tuesday Blitz March 21 Early 2023"]
[White "Remolar Gallen, Jose"]
[Black "Hernandez Jimenez, Alexander Andres"]
[WhiteFideId "2215187"]
[BlackFideId "3900452"]
[WhiteElo "2223"]
[BlackElo "2112"]
[Result "0-1"]
[Round "02"]
[TimeControl "180+2"]
[Date "2023.03.21"]
[WhiteClock "0:00:22"]
[BlackClock "0:00:52"]

1. e4 e5 2. Nf3 Nc6 3. Bb5 a6 4. Ba4 Nf6 5. O-O b5 6. Bb3 Be7 7. Re1 d6 8. h3 Na5 9. d4 Nxb3 10. axb3 Nd7 11. Nc3 Bb7 12. Nd5 O-O 13. dxe5 Nxe5 14. Nxe5 dxe5 15. Qh5 Bxd5 16. exd5 Qxd5 17. Rxe5 Qd7 18. Bf4 Bf6 19. Rd1 Qc6 20. Rc5 Qe4 21. Be3 g6 22. Qg4 Qxg4 23. hxg4 Rfd8 24. Rxd8+ Rxd8 25. Rxc7 Rd1+ 26. Kh2 Be5+ 0-1


[Site "https://www.chess.com"]

[Event "Titled Tuesday Blitz March 21 Early 2023"]
[White "Kiseleva, Arina"]
[Black "Villalba, Marcelo"]
[WhiteFideId "4164989"]
[BlackFideId "3701859"]
[WhiteElo "1756"]
[BlackElo "2191"]
[Result "0-1"]
[Round "02"]
[TimeControl "180+2"]
[Date "2023.03.21"]
[WhiteClock "0:01:04"]
[BlackClock "0:01:52"]

1. d4 Nf6 2. Nf3 g6 3. c4 Bg7 4. Nc3 O-O 5. e4 d6 6. Be2 Bg4 7. Be3 Nfd7 8. Ng1 Bxe2 9. Ngxe2 c5 10. O-O Nc6 11. Rc1 Rc8 12. b3 a6 13. Qd2 cxd4 14. Nxd4 Qa5 15. Nxc6 bxc6 16. f4 Rfd8 17. Nd5 Qxd2 18. Nxe7+ Kf8 19. Nxg6+ hxg6 20. Bxd2 Nc5 21. Rfe1 Nd3 0-1


[Site "https://www.chess.com"]

[Event "Titled Tuesday Blitz March 21 Early 2023"]
[White "Sanchez, Robert"]
[Black "Pham, Le Thao Nguyen"]
[WhiteFideId "2034360"]
[BlackFideId "12401226"]
[WhiteElo "2184"]
[BlackElo "2282"]
[Result "0-1"]
[Round "02"]
[TimeControl "180+2"]
[Date "2023.03.21"]
[WhiteClock "0:01:44"]
[BlackClock "0:01:16"]

1. e4 c6 2. d4 d5 3. exd5 cxd5 4. Nf3 Nf6 5. Bd3 Nc6 6. c3 Bg4 7. h3 Bh5 8. O-O e6 9. Re1 Be7 10. Nbd2 O-O 11. Nf1 Bg6 12. Bxg6 hxg6 13. Ng3 b5 14. Ne5 Nxe5 15. dxe5 Nd7 16. a4 b4 17. Qg4 bxc3 18. bxc3 Rc8 19. Bd2 Rc4 20. Qf3 Qc7 21. Qe2 Rb8 22. a5 a6 23. Rab1 Qxa5 24. Rxb8+ Nxb8 25. Rb1 Qc7 26. Qd1 Nd7 27. f4 a5 28. Qb3 a4 29. Qb7 a3 30. Qa8+ Qc8 31. Qa5 Qc5+ 32. Qxc5 Bxc5+ 33. Kh2 a2 34. Rb8+ Nxb8 0-1


[Site "https://www.chess.com"]

[Event "Titled Tuesday Blitz March 21 Early 2023"]
[White "Omelja, Artem"]
[Black "Hernandez Bonilla, Amelia"]
[WhiteFideId "14119846"]
[BlackFideId "3900193"]
[WhiteElo "2404"]
[BlackElo "2184"]
[Result "1-0"]
[Round "02"]
[TimeControl "180+2"]
[Date "2023.03.21"]
[WhiteClock "0:01:46"]
[BlackClock "0:00:01"]

1. e4 c5 2. Nf3 d6 3. Bb5+ Nd7 4. O-O Nf6 5. Re1 g6 6. c3 Bg7 7. d4 cxd4 8. cxd4 O-O 9. Nc3 a6 10. Bf1 b5 11. h3 Bb7 12. a3 Rc8 13. e5 Nd5 14. Bd2 N7b6 15. Ne4 dxe5 16. dxe5 Nc4 17. Bxc4 bxc4 18. Rc1 Qb6 19. Qc2 Rfd8 20. Nc3 Nxc3 21. Bxc3 Bxf3 22. gxf3 1-0


[Site "https://www.chess.com"]

[Event "Titled Tuesday Blitz March 21 Early 2023"]
[White "lisjakzlatko1"]
[Black "Novik, Maxim"]
[BlackFideId "4102924"]
[WhiteElo "2184"]
[BlackElo "2287"]
[Result "1-0"]
[Round "02"]
[TimeControl "180+2"]
[Date "2023.03.21"]
[WhiteClock "0:00:55"]
[BlackClock "0:00:18"]

1. e4 c6 2. d4 d5 3. f3 e6 4. Nc3 Qb6 5. a3 Nf6 6. Be3 dxe4 7. fxe4 e5 8. Nf3 Bg4 9. Qd2 Bxf3 10. dxe5 Qxb2 11. Rb1 Qxa3 12. exf6 Bb4 13. Rb3 Qa1+ 14. Kf2 Bxc3 15. Rxc3 Bxe4 16. Qd6 gxf6 17. Qxf6 Nd7 18. Qxh8+ Ke7 19. Qd4 Bd5 20. Bg5+ Kd6 21. Bf4+ Ke7 22. Re3+ 1-0


[Site "https://www.chess.com"]

[Event "Titled Tuesday Blitz March 21 Early 2023"]
[White "Belov, Alexei"]
[Black "salgadoLO"]
[WhiteFideId "4128206"]
[WhiteElo "2496"]
[BlackElo "2178"]
[Result "1-0"]
[Round "02"]
[TimeControl "180+2"]
[Date "2023.03.21"]
[WhiteClock "0:00:27"]
[BlackClock "0:00:01"]

1. e4 c5 2. Nf3 e6 3. d4 cxd4 4. Nxd4 Nc6 5. Nc3 Qc7 6. Be2 a6 7. O-O Nf6 8. a4 Nxd4 9. Qxd4 Bc5 10. Qd3 d6 11. Kh1 Bd7 12. f4 Bc6 13. Bf3 O-O 14. Be3 Bxe3 15. Qxe3 Rfd8 16. Rfd1 h6 17. a5 Rab8 18. Rd3 b5 19. axb6 Qxb6 20. Qxb6 Rxb6 21. b3 g5 22. g3 Kf8 23. Kg1 gxf4 24. gxf4 Ke7 25. Kf2 Be8 26. Na4 Bxa4 27. Rxa4 Rc8 28. c4 Nd7 29. Ra3 Nc5 30. Re3 Rcb8 31. Bd1 e5 32. f5 Rg8 33. Rh3 Nxe4+ 34. Ke3 Rg1 35. Kxe4 Rxd1 36. Rxh6 Rb1 37. c5 R6xb3 38. cxd6+ Kd7 39. Rxa6 Rb4+ 40. Kxe5 Rb5+ 41. Kf6 Rb6 42. Rxb6 Rxb6 43. Kxf7 Rb2 44. f6 Rg2 45. Rh3 Kxd6 46. Rd3+ Ke5 47. Re3+ Kd6 48. Re1 Rxh2 49. Kf8 Rg2 50. f7 Kd7 51. Rd1+ Ke6 52. Ke8 Ra2 53. f8=Q 1-0


[Site "https://www.chess.com"]

[Event "Titled Tuesday Blitz March 21 Early 2023"]
[White "Kornyukov, Alexey"]
[Black "Kopczynski, Michal"]
[WhiteFideId "4150457"]
[BlackFideId "1124200"]
[WhiteElo "2352"]
[BlackElo "2212"]
[Result "0-1"]
[Round "02"]
[TimeControl "180+2"]
[Date "2023.03.21"]
[WhiteClock "0:02:07"]
[BlackClock "0:01:36"]

1. e4 b6 2. d4 Bb7 3. Nd2 e6 4. Ngf3 Nf6 5. Bd3 d5 6. e5 Nfd7 7. O-O c5 8. c4 Nc6 9. cxd5 exd5 10. e6 fxe6 11. dxc5 Nxc5 12. Nb3 Nxd3 13. Qxd3 Be7 14. Nbd4 Qd7 15. Bg5 Nxd4 16. Qxd4 Bxg5 17. Nxg5 O-O 18. Qh4 h6 19. Nf3 Rf5 20. Rae1 Raf8 21. Nd4 Rf4 0-1


[Site "https://www.chess.com"]

[Event "Titled Tuesday Blitz March 21 Early 2023"]
[White "Staudenhocker43"]
[Black "Delorme, Alban"]
[BlackFideId "623636"]
[WhiteElo "2481"]
[BlackElo "2196"]
[Result "1-0"]
[Round "02"]
[TimeControl "180+2"]
[Date "2023.03.21"]
[WhiteClock "0:00:16"]
[BlackClock "0:00:02"]

1. e4 c5 2. Nf3 d6 3. d4 cxd4 4. Nxd4 Nf6 5. Nc3 a6 6. Bg5 e6 7. f4 Be7 8. Qf3 Qc7 9. O-O-O Nbd7 10. g4 h6 11. Bxf6 Bxf6 12. h4 Qb6 13. Nb3 Qc7 14. Rd3 g5 15. hxg5 hxg5 16. Rxh8+ Bxh8 17. Qh3 Bf6 18. fxg5 Bxg5+ 19. Kb1 Ne5 20. Qh8+ Ke7 21. Rd1 Bf6 22. Qh5 Nf3 23. Bg2 Bxc3 24. Bxf3 Be5 25. Qh4+ Ke8 26. g5 Qe7 27. Na5 Bd7 28. Bh5 Kd8 29. Qf2 Kc7 30. Qxf7 Qxg5 31. a3 Rh8 32. Bf3 Qf6 33. Qxf6 Bxf6 34. Nc4 Bc6 35. Rxd6 1-0


[Site "https://www.chess.com"]

[Event "Titled Tuesday Blitz March 21 Early 2023"]
[White "Bongo Akanga Ndjila, Barthelemy"]
[Black "Principe, Gerson"]
[WhiteFideId "10609431"]
[BlackFideId "3804550"]
[WhiteElo "1768"]
[BlackElo "2229"]
[Result "0-1"]
[Round "02"]
[TimeControl "180+2"]
[Date "2023.03.21"]
[WhiteClock "0:00:07"]
[BlackClock "0:00:13"]

1. d4 Nf6 2. c4 e6 3. Nf3 d5 4. Nc3 Bb4 5. Bg5 Nbd7 6. e3 c5 7. Nd2 cxd4 8. exd4 dxc4 9. Nxc4 O-O 10. Be2 h6 11. Bh4 b5 12. Ne3 Bb7 13. O-O a6 14. a4 bxa4 15. Rxa4 a5 16. Bf3 Qb6 17. Bxb7 Qxb7 18. Na2 Be7 19. Nc4 Nb6 20. Nxa5 Qd5 21. Nc3 Qf5 22. Nc6 Bd6 23. Rxa8 Rxa8 24. Qe2 Rc8 25. Na7 Re8 26. Nab5 Bb8 27. Bg3 Bxg3 28. hxg3 Ng4 29. f3 Nf6 30. Ra1 Nbd5 31. Nd6 Qg5 32. Nxe8 Nxe8 33. Nxd5 Qxd5 34. Qa6 Qxd4+ 35. Kh1 Nf6 36. Qa8+ Kh7 37. Ra4 Qxb2 38. Kh2 Qe5 39. Qd8 Qh5+ 40. Kg1 Qg5 41. Kf2 Qc5+ 42. Kf1 Qb5+ 43. Kf2 Qxa4 44. Qd3+ g6 45. Kg1 Qa1+ 46. Kh2 Qe5 47. Qd8 Kg7 48. Qc8 Nh5 49. Qa8 Qxg3+ 50. Kg1 Qf4 51. Kf2 Qe5 52. Kg1 Nf6 53. Kf2 g5 54. Qa7 h5 55. Kf1 h4 56. Kf2 Nh5 57. Kf1 Ng3+ 58. Kf2 Qb2+ 59. Kg1 Qc1+ 60. Kf2 Qf1+ 61. Ke3 Qg1+ 62. Kd3 Qxa7 0-1


[Site "https://www.chess.com"]

[Event "Titled Tuesday Blitz March 21 Early 2023"]
[White "lluiss"]
[Black "Ben Artzi, Ido"]
[BlackFideId "2810913"]
[WhiteElo "2156"]
[BlackElo "2204"]
[Result "0-1"]
[Round "02"]
[TimeControl "180+2"]
[Date "2023.03.21"]
[WhiteClock "0:00:02"]
[BlackClock "0:00:40"]

1. Nf3 g6 2. d4 Nf6 3. g3 Bg7 4. Bg2 O-O 5. O-O d6 6. c4 Nc6 7. Nc3 a6 8. h3 e5 9. dxe5 Nxe5 10. Nxe5 dxe5 11. Bg5 Qxd1 12. Raxd1 c6 13. Na4 Nd7 14. Rxd7 Bxd7 15. Nb6 Be6 16. Nxa8 Rxa8 17. b3 f6 18. Be3 Rd8 19. Rc1 Bf8 20. c5 Kf7 21. Kh2 Be7 22. Be4 f5 23. Bd3 e4 24. Bc4 Bf6 25. Bxe6+ Kxe6 26. Kg2 g5 27. f4 h6 28. g4 gxf4 29. Bxf4 Bg5 30. Bxg5 hxg5 31. gxf5+ Kxf5 32. Rc2 Kf4 33. a3 Ke3 34. Kg3 Rd1 35. Kg4 Rg1+ 36. Kf5 Rg2 37. Rc3+ Kd2 38. Rc4 e3 39. h4 gxh4 40. Rxh4 Kxe2 41. Rh7 Kf1 42. Ke4 e2 43. Rh1+ Rg1 0-1


[Site "https://www.chess.com"]

[Event "Titled Tuesday Blitz March 21 Early 2023"]
[White "Stelmaszyk, Nico"]
[Black "Larina, Maria"]
[WhiteFideId "16200462"]
[BlackFideId "24113182"]
[WhiteElo "2255"]
[BlackElo "1848"]
[Result "1-0"]
[Round "02"]
[TimeControl "180+2"]
[Date "2023.03.21"]
[WhiteClock "0:01:07"]
[BlackClock "0:00:02"]

1. e4 c6 2. d4 d5 3. exd5 cxd5 4. c4 Nf6 5. Nc3 e6 6. c5 b6 7. b4 a5 8. Na4 Nbd7 9. a3 Ne4 10. c6 Nb8 11. Bb5 Qc7 12. f3 Nd6 13. Bf4 Ba6 14. Bxa6 Nxa6 15. b5 Nb8 16. Ne2 Be7 17. O-O O-O 18. Nac3 Bf6 19. a4 Qe7 20. Bxd6 Qxd6 21. Qd3 Rc8 22. f4 Bd8 23. Rac1 Bc7 24. g3 Re8 25. Kg2 Qe7 26. Ng1 f6 27. Nf3 Qd6 28. Rfe1 Re7 29. Re2 Kf7 30. Rce1 Re8 31. f5 e5 32. dxe5 fxe5 33. Qxd5+ Qxd5 34. Nxd5 Rc8 35. Nxc7 Rxc7 36. Nxe5+ 1-0


[Site "https://www.chess.com"]

[Event "Titled Tuesday Blitz March 21 Early 2023"]
[White "Khamdamova, Afruza"]
[Black "Vargas Rodriguez, Wilver"]
[WhiteFideId "14210444"]
[BlackFideId "3509672"]
[WhiteElo "2210"]
[BlackElo "2238"]
[Result "1-0"]
[Round "02"]
[TimeControl "180+2"]
[Date "2023.03.21"]
[WhiteClock "0:00:11"]
[BlackClock "0:00:16"]

1. e4 c5 2. Nf3 d6 3. d4 cxd4 4. Nxd4 Nf6 5. Nc3 a6 6. Be2 e5 7. Nb3 Be7 8. O-O Be6 9. Kh1 Qc7 10. f4 Nbd7 11. a4 b6 12. Be3 O-O 13. f5 Bc4 14. Nd2 Bxe2 15. Qxe2 Rfc8 16. g4 d5 17. exd5 Qb7 18. Qg2 Rxc3 19. bxc3 Qxd5 20. Qxd5 Nxd5 21. Nc4 Rc8 22. Rad1 Nxe3 23. Nxe3 Nc5 24. Nd5 Bd8 25. Ra1 Kf8 26. f6 Rc6 27. fxg7+ Kxg7 28. Rf5 f6 29. g5 fxg5 30. Rxe5 h6 31. Ne7 Rf6 32. Nf5+ Kg6 33. Ng3 Bc7 34. Re3 Bf4 35. Re2 h5 36. Rae1 h4 37. Ne4 Rc6 38. Nxc5 Rxc5 39. Re6+ Kh5 40. Rxb6 a5 41. Rb5 Rxc3 42. Re2 Ra3 43. Rxa5 h3 44. Re1 Bd2 45. Rae5 Bxe1 46. Rxe1 Rxa4 47. Rc1 Rg4 48. c4 Rf4 49. c5 Rf8 50. c6 Rc8 51. Kg1 Kg6 52. Kf2 Kf6 53. Kg3 Ke6 54. Kxh3 Kd6 55. Kg4 Rxc6 56. Rxc6+ Kxc6 57. Kxg5 Kd7 58. Kg6 Ke7 59. Kg7 Ke6 60. h4 Kf5 61. h5 Kg5 62. h6 Kf5 63. h7 Ke5 64. h8=Q Kd5 65. Qh6 Ke5 66. Qf6+ Kd5 67. Kf7 Kc5 68. Ke7 Kd5 69. Qe6+ Kc5 70. Qd6+ Kb5 71. Kd7 Kc4 72. Kc6 Kc3 73. Qd5 Kb4 74. Qc5+ Kb3 75. Kd5 1-0


[Site "https://www.chess.com"]